 Dungeon Crawl Stone Soup version 0.17-a0-1046-ga09e34d (webtiles) character file.

184 abixa the Conjurer (level 5, 0/38 HPs)
             Began as a Hill Orc Fire Elementalist on May 15, 2015.
             Succumbed to Robin's poison
             ... on level 3 of the Dungeon.
             The game lasted 00:09:42 (3252 turns).

abixa the Conjurer (Hill Orc Fire Elementalist)     Turns: 3252, Time: 00:09:42

Health: 0/38       AC:  2    Str: 16    XL:     5   Next: 64%
Magic:  7/7        EV: 12    Int: 16    God:
Gold:   116        SH:  0    Dex: 11    Spells: 3 memorised, 1 level left

rFire  + . .     SeeInvis .     i - +2 dagger (venom)
rCold  + . .     Clarity  .     a - +0 robe
rNeg   . . .     SustAb   .     (no shield)
rPois  +         Gourm    .     (no helmet)
rElec  +         Spirit   .     (no cloak)
rCorr  +         Warding  .     (no gloves)
rMut   .         Stasis   .     (no boots)
MR     .....                    (no amulet)
Stlth  ++........               (no ring)
                                (no ring)

@: mighty, lethally poisoned (0 -> -9), resistant, hasted, very quick, not
resistant to hostile enchantments, unstealthy
A: no striking features
a: no special abilities


You were on level 3 of the Dungeon.
You were hungry.

You visited 1 branch of the dungeon, and saw 3 of its levels.

You collected 116 gold pieces.

Inventory:

Hand weapons
 i - a +2 dagger of venom (weapon)
 n - a +0 hand axe
 p - a +0 hunting sling
 s - a +0 club of chaos
 t - a +2 spear of chaos
 u - a +0 spear of chaos
 y - a +0 blowgun
Missiles
 e - 24 poisoned needles
 f - 37 sling bullets
 h - 62 stones (quivered)
Armour
 a - a +0 robe (worn)
Scrolls
 m - 3 scrolls of remove curse {unknown}
 o - a scroll of magic mapping {unknown}
 r - 3 scrolls of identify {unknown}
 v - a scroll of teleportation {unknown}
 w - a scroll of immolation {unknown}
Potions
 j - a potion of might
 A - a potion of poison {unknown}
Books
 b - a book of Flames

   Spells                             Type                      Level
   a - Flame Tongue                   Conjuration/Fire             1
   b - Throw Flame                    Conjuration/Fire             2
   c - Conjure Flame                  Conjuration/Fire             3
   d - Inner Flame                    Hexes/Fire                   3
   e - Sticky Flame                   Conjuration/Fire             4
   f - Fireball                       Conjuration/Fire             5
Comestibles
 c - 3 bread rations
 d - 2 meat rations
 g - 3 fruits
 x - a beef jerky


   Skills:
 - Level 1.5 Dodging
 - Level 1.5 Stealth
 - Level 1.5 Spellcasting
 - Level 4.6 Conjurations
 + Level 4.4 Fire Magic


You had one spell level left.
You knew the following spells:

 Your Spells              Type           Power        Failure   Level  Hunger
a - Flame Tongue          Conj/Fire      ###..        4%          1    ##.....
b - Throw Flame           Conj/Fire      ###...       8%          2    ###....
c - Conjure Flame         Conj/Fire      ###.....     12%         3    ####...


Dungeon Overview and Level Annotations

Branches:
Dungeon (3/15)

Altars:
Xom


Message History

You kill the hobgoblin!
* * * LOW HITPOINT WARNING * * *
You feel sick.
Drink which item? (? for menu, Esc to quit)
It was a potion of might.
You feel very mighty all of a sudden.
* * * LOW HITPOINT WARNING * * *
You feel sick.
Drink which item? (? for menu, Esc to quit)
It was a potion of magic.
Magic courses through your body.
* * * LOW HITPOINT WARNING * * *
You feel sick.
Drink which item? (? for menu, Esc to quit)
It was a potion of resistance.
You feel protected.
* * * LOW HITPOINT WARNING * * *
You feel sick.
Drink which item? (? for menu, Esc to quit)
It was a potion of haste.
You feel yourself speed up.
You die...

... ##.## ##...##
#.....# #.†.# ### #)#
..# #.# #.# #)# #.#
##@## ... ##...## ###
#.###.....##
##.###.##.......#
######...##.#.........#
............'.........+
######...##.#.........#
##.###.##.......## ###
#.###.....##


There were no monsters in sight!

Vanquished Creatures
  Jessica (D:3)
  Robin (D:3)
  4 adders (D:2)
  A gnoll (D:2)
  A shadow imp (D:3)
  5 worms
  3 giant geckos
  2 orcs (D:2)
  5 bats
  3 giant cockroaches (D:1)
  11 goblins
  11 hobgoblins
  7 jackals
  6 kobolds
  2 quokkas
  3 ball pythons
  4 giant newts
  8 rats
78 creatures vanquished.

Notes
Turn   | Place    | Note
--------------------------------------------------------------
     0 | D:1      | abixa the Hill Orc Fire Elementalist began the quest for the Orb.
     0 | D:1      | Reached XP level 1. HP: 14/14 MP: 3/3
   163 | D:1      | Reached XP level 2. HP: 8/20 MP: 0/4
   209 | D:1      | Learned a level 2 spell: Throw Flame
   833 | D:1      | Reached XP level 3. HP: 18/26 MP: 5/5
   934 | D:1      | You fall through a shaft!
  1570 | D:1      | Reached XP level 4. HP: 33/33 MP: 6/6
  1575 | D:1      | Learned a level 3 spell: Conjure Flame
  1781 | D:2      | Reached skill level 4 in Conjurations
  2096 | D:2      | Found a shimmering altar of Xom.
  2596 | D:3      | Reached XP level 5. HP: 38/38 MP: 7/7
  2653 | D:3      | Noticed Jessica
  2655 | D:3      | Killed Jessica
  3227 | D:3      | Noticed Robin
  3245 | D:3      | Killed Robin
  3251 | D:3      | HP: 1/38 [poisoned by Robin]
  3252 | D:3      | Succumbed to Robin's poison

Vault maps used:
D:1:      dpeg_arrival_line_fractal
D:2:      serial_park_square1, tgw_xom
D:3:      uniq_robin, uniq_jessica

Action                   |  1- 3 |  4- 6 || total
-------------------------+-------+-------++-------
Melee: Unarmed           |    20 |       ||    20
       Dagger            |    37 |    81 ||   118
 Cast: Flame Tongue      |    40 |    36 ||    76
       Throw Flame       |       |     1 ||     1
       Conjure Flame     |       |     1 ||     1
  Use: Potion            |     1 |     4 ||     5
 Stab: Sleeping          |     2 |       ||     2
  Eat: Chunk             |     3 |     6 ||     9
